Map: Catalesque CE

Players

Ekelpack - Winner!

  • Race: Zerg Zerg
  • Spawn Location: 11:00

Nyck - Winner!

  • Race: Terran Terran
  • Spawn Location: 11:00

zergonator

  • Race: Terran Terran
  • Spawn Location: 5:00

PapaGenozid

  • Race: Terran Terran
  • Spawn Location: 5:00

VOD

Have the link to the VOD?

Description

Time

  • Played on: Nov. 19, 2024, 2:06 p.m.
  • Length: 22:49
Show
View Real Time Build Order
Export as new Build Order

Ekelpack Zerg - Winner!

Build Orders: Hatch First 

Get SALT Encoding   

  12  0:00  Drone  
  13  0:13  Overlord  
  13  0:19  Drone  
  14  0:31  Drone  
  15  0:47  Hatchery  
  15  0:49  Drone  
  15  1:04  Spawning Pool  
  15  1:07  Drone  
  15  1:11  Extractor  
  14  1:13  Drone  
  14  1:16  Drone  
  16  1:21  Drone  
  17  1:30  Drone  
  18  1:40  Drone  
  19  1:52  Queen  
  21  1:56  Drone  
  21  1:58  Queen  
  24  2:04  Drone  
  25  2:10  Overlord  
  25  2:15  Drone x2  
  27  2:21  Drone  
  28  2:31  Lair  
  28  2:34  Drone  
  28  2:36  Extractor  
  28  2:41  Drone x2  
  28  2:43  Drone  
  31  2:44  Drone  
  32  2:54  Drone  
  32  2:56  Extractor  
  32  3:12  Drone x4  
  36  3:17  Overlord  
  36  3:21  Extractor  
  36  3:22  Drone  
  36  3:30  Spire  
  35  3:35  Queen  
  37  3:43  Zergling x10  
  37  3:45  Queen  
  37  3:46  Metabolic Boost  
  44  3:53  Spine Crawler  
  44  3:55  Drone  
  44  3:56  Overlord  
  44  4:13  Overlord  
  44  4:27  Drone x3  
  44  4:28  Drone  
  44  4:29  Overlord  
  48  4:42  Mutalisk x4  
  48  4:43  Mutalisk x2  
  48  4:45  Overlord  
  60  4:53  Drone x3  
  60  5:30  Mutalisk x4  
  60  5:31  Zergling x6  
  60  5:32  Zergling x4  
  73  5:56  Hatchery  
  72  6:06  Pneumatized Carapace  
  72  6:15  Overlord x2  
  72  6:16  Overlord  
  72  6:18  Zerg Flyer Weapons Level 1  
  72  6:24  Mutalisk  
  74  6:26  Overlord x3  
  74  6:37  Drone, Evolution Chamber  
  74  6:38  Evolution Chamber  
  73  6:44  Zergling x4  
  73  6:45  Zergling x8  
  75  7:11  Mutalisk x4  
  75  7:12  Mutalisk x4  
  91  7:21  Mutalisk x2  
  95  7:42  Zergling x8  
  95  7:43  Zergling x4  
  86  8:04  Mutalisk  
  86  8:05  Mutalisk x4  
  84  8:09  Zergling x8  
  69  8:13  Drone x2  
  68  8:24  Drone x3  
  68  8:26  Zerg Melee Weapons Level 1  
  71  8:33  Zerg Ground Armor Level 1  
  71  8:44  Drone  
  71  8:46  Extractor  
  71  8:48  Extractor  
  70  9:15  Drone x3  
  70  9:16  Drone x7  
  80  9:27  Infestation Pit  
  79  9:34  Drone  
  80  9:43  Zerg Flyer Weapons Level 2  
  80  9:47  Zergling x12  
  80  9:48  Zergling x14  
  93  10:10  Hive  
  93  10:17  Mutalisk x4  
  93  10:18  Mutalisk x6  
  93  10:19  Overlord  
  93  10:20  Overlord x2  
  113  10:22  Zergling x4  
  115  10:46  Mutalisk x4  
  115  10:47  Zergling x2, Overlord x2  
  115  10:48  Zergling x8  
  104  11:06  Mutalisk x3  
  104  11:07  Zergling x8  
  104  11:08  Zergling x10  
  119  11:40  Hatchery  
  119  11:43  Ultralisk Cavern  
  119  11:44  Mutalisk x5  
  119  11:45  Zergling x8  
  119  11:46  Zergling x2  
  95  12:04  Zergling x2  
  95  12:05  Zergling x6  
  95  12:24  Zergling x4  
  95  12:25  Zergling x14  
  95  12:26  Zergling x10  
  104  12:35  Overseer x3  
  104  12:39  Chitinous Plating  
  104  12:40  Zerg Melee Weapons Level 2, Zerg Ground Armor Level 2  
  104  12:44  Adrenal Glands  
  100  13:09  Hatchery  
  99  13:23  Ultralisk x2  
  90  14:09  Mutalisk x7  
  73  14:10  Zergling x4  
  73  14:11  Zergling x2, Ultralisk x2  
  73  14:13  Zergling x8  
  73  14:14  Zergling x4  
  100  14:23  Zergling x6  
  100  14:24  Zergling x2  
  104  14:26  Drone  
  104  14:27  Drone x2  
  99  14:59  Drone x6  
  105  15:01  Anabolic Synthesis  
  105  15:02  Zerg Melee Weapons Level 3, Zerg Ground Armor Level 3  
  100  15:26  Extractor  
  99  15:29  Drone x4, Extractor  
  99  15:30  Drone x2  
  104  15:48  Mutalisk x3  
  104  15:49  Mutalisk x6  
  118  15:50  Mutalisk  
  118  15:51  Zergling x4  
  126  16:17  Hatchery  
  125  16:23  Mutalisk  
  125  16:24  Overlord x2  
  128  16:25  Zergling x4  
  128  16:26  Zergling x14  
  128  16:27  Zergling x4  
  130  17:18  Mutalisk x4  
  130  17:19  Mutalisk x6  
  130  17:20  Mutalisk x4  
  130  17:21  Zergling x6  
  127  17:41  Zergling x2  
  127  17:42  Zergling x6  
  127  17:53  Zergling x4  
  127  17:54  Zergling x12  
  127  17:55  Zergling x4  
  121  18:11  Zergling x4  
  121  18:12  Zergling x4  
  120  18:33  Drone x6  
  120  18:34  Drone x5  
  129  18:35  Overlord x2  
  126  18:48  Mutalisk x5  
  118  18:49  Mutalisk x2  
  118  18:53  Hatchery  
  121  19:10  Mutalisk x4  
  121  19:11  Mutalisk x4  
  121  19:12  Zergling x4  
  132  19:27  Drone x5  
  117  19:49  Extractor  
  117  19:50  Zergling x12  
  117  19:51  Zergling x12  
  117  19:52  Zergling x2, Extractor  
  128  20:10  Overlord x3  
  128  20:11  Zergling x8  
  132  20:25  Queen  
  122  20:41  Overseer x3  
  122  20:43  Ultralisk x3  
  122  20:44  Ultralisk x2  
  152  20:50  Zergling x8  
  152  20:51  Zergling x12  
  152  20:52  Zergling x6  
  165  21:01  Extractor  
  165  21:03  Drone x3, Extractor  
  166  21:06  Zergling x2  
  166  21:07  Zergling x8  
  154  21:21  Corruptor, Ultralisk x2  
  154  21:22  Zergling x8, Ultralisk  
  154  21:23  Zergling x2  
  172  21:44  Zergling x6  
  172  21:45  Zergling x6  
  171  21:51  Zergling x14  
  171  21:52  Zergling x10  
  175  22:09  Zergling x10  
  175  22:10  Zergling x12  
  186  22:25  Drone x3  
Show
View Real Time Build Order
Export as new Build Order

Nyck Terran - Winner!

Build Orders:  

Get SALT Encoding   

  12  0:00  SCV  
  13  0:12  SCV  
  14  0:19  Supply Depot  
  14  0:25  SCV  
  15  0:41  SCV  
  16  0:43  Barracks  
  16  0:56  SCV  
  17  1:00  Refinery  
  17  1:02  Refinery  
  17  1:05  Barracks  
  17  1:13  SCV  
  18  1:37  Barracks Reactor  
  18  1:44  Orbital Command  
  18  1:48  Engineering Bay  
  18  1:58  Barracks Reactor  
  18  2:00  Barracks Tech Lab  
  18  2:14  SCV  
  19  2:19  Marine x2  
  19  2:20  Marine  
  19  2:22  Combat Shield  
  22  2:29  Supply Depot  
  22  2:32  Terran Infantry Weapons Level 1  
  22  2:36  SCV  
  23  2:50  SCV, Marine x2  
  26  2:53  Supply Depot  
  26  2:57  Marine  
  27  3:03  SCV  
  28  3:15  SCV  
  28  3:18  Marine  
  28  3:19  Marine x2  
  32  3:28  Factory  
  32  3:36  Marine  
  33  3:47  Marine  
  35  3:50  Concussive Shells  
  35  3:51  Marauder  
  36  3:58  SCV  
  37  4:10  SCV  
  37  4:11  Marine  
  37  4:14  Starport  
  37  4:15  Factory Reactor  
  39  4:21  Supply Depot  
  39  4:29  Marine  
  39  4:30  Marauder  
  42  4:36  Stimpack  
  42  4:37  Command Center  
  42  4:38  Terran Infantry Armor Level 1  
  42  4:40  Marine  
  43  4:48  SCV  
  40  5:06  SCV  
  40  5:18  SCV  
  41  5:25  Medivac x2  
  45  5:30  SCV  
  45  5:33  Armory  
  46  5:38  Missile Turret  
  41  5:45  SCV  
  40  5:57  SCV, Medivac  
  43  6:04  Orbital Command  
  43  6:14  Marauder  
  45  6:24  Supply Depot  
  45  6:32  Orbital Command  
  45  6:37  Terran Infantry Weapons Level 2  
  45  6:40  Marine  
  45  6:42  Marine  
  47  6:58  SCV  
  47  6:59  SCV  
  49  7:10  SCV  
  49  7:11  SCV  
  51  7:23  SCV x2  
  51  7:25  Marine x3  
  55  8:22  Marine x3  
  58  8:28  SCV x2  
  60  8:40  SCV x2  
  62  8:42  Refinery  
  62  8:43  Command Center  
  64  8:48  Marine x2  
  64  8:50  Marine  
  64  8:52  SCV x2  
  64  8:55  Terran Infantry Armor Level 2  
  67  9:04  SCV, Command Center  
  67  9:05  SCV  
  67  9:06  Refinery  
  69  9:16  SCV  
  70  9:17  SCV  
  70  9:23  Marine x3  
  74  9:27  Medivac x2  
  78  9:37  Supply Depot, Terran Vehicle And Ship Armor Level 1  
  78  9:51  Barracks  
  78  9:52  Barracks  
  78  9:54  Marine x3, Barracks  
  78  9:55  SCV x2  
  78  9:56  Orbital Command  
  78  9:59  Supply Depot, Medivac x2  
  88  10:07  SCV  
  88  10:12  SCV  
  89  10:19  SCV  
  90  10:22  Supply Depot  
  90  10:24  SCV  
  90  10:26  Marine x3  
  94  10:44  SCV x3  
  94  10:45  Supply Depot, Marine  
  94  10:47  Barracks Reactor x2  
  94  10:48  Barracks Reactor  
  96  11:04  Orbital Command  
  96  11:08  Supply Depot  
  92  11:28  Marine  
  92  11:29  Marine x8  
  92  11:32  Supply Depot  
  101  11:40  SCV x2  
  101  11:44  SCV, Command Center  
  101  11:46  Marine  
  101  11:47  Marine x8  
  113  11:54  Supply Depot  
  113  12:04  Marine x2  
  113  12:05  Marine x2  
  113  12:08  Marine x5  
  122  12:22  Marine x4  
  116  12:26  Marine x4  
  116  12:29  Marine  
  123  12:33  SCV x3  
  126  12:40  Marine x4  
  126  12:42  Supply Depot  
  126  12:43  Marine  
  131  12:44  Marine x3  
  131  12:45  SCV x3  
  131  12:46  Marine  
  138  12:57  SCV x3, Marine  
  138  12:58  Marine x3  
  142  13:01  Marine  
  142  13:02  Marine x3  
  142  13:04  Supply Depot, Marine  
  150  13:09  SCV  
  151  13:15  Marine, Terran Infantry Weapons Level 3  
  151  13:16  Marine x3  
  155  13:29  Supply Depot  
  155  13:53  Supply Depot  
  129  14:22  Marine  
  129  14:23  Marine x8  
  138  14:28  Orbital Command  
  138  14:30  SCV x3  
  138  14:40  Marine  
  138  14:41  Marine x8  
  138  14:42  SCV x2  
  149  14:45  SCV  
  150  14:54  SCV x2  
  150  14:58  SCV, Marine  
  150  14:59  Marine x8  
  162  15:12  Supply Depot  
  162  15:16  Marine x4  
  162  15:17  Marine x5  
  171  15:34  Marine x9  
  171  15:35  Supply Depot  
  180  15:40  SCV x4  
  184  15:52  SCV x3, Marine  
  184  15:55  SCV, Unknown  
  184  15:56  Marine x5  
  184  15:57  Marine x3  
  194  15:59  Medivac  
  199  16:13  Unknown  
  199  16:25  Terran Infantry Armor Level 3  
  115  18:04  Marine x5  
  115  18:05  Marine x4  
  118  18:12  SCV x4  
  122  18:22  Marine x9  
  131  18:36  SCV x2  
  131  18:37  SCV x2  
  131  18:40  Marine x9  
  144  18:57  Marine  
  144  18:58  Marine x8  
  133  19:15  Marine  
  133  19:16  Marine x8  
  140  19:33  Marine x3  
  140  19:34  Marine x6  
  149  19:39  Medivac x2  
  153  19:51  Marine x7  
  153  19:52  Marine x2  
  161  20:09  Marine x9  
  170  20:26  Marine  
  170  20:27  Marine x8  
  155  20:44  Marine  
  155  20:45  Marine x8  
  164  20:50  Starport x2  
  164  20:51  Starport  
  164  21:02  Marine  
  164  21:03  Marine x8  
  173  21:16  Armory  
  173  21:20  Marine x7  
  173  21:21  Marine x2  
  182  21:28  Starport x2  
  182  21:29  Starport  
  182  21:38  Marine x8  
  190  21:58  Starport Tech Lab x3  
  190  22:07  Fusion Core  
  190  22:15  Starport Tech Lab x3  
Show
View Real Time Build Order
Export as new Build Order

zergonator Terran 

Build Orders:  

Get SALT Encoding   

  12  0:00  SCV  
  13  0:12  SCV  
  14  0:17  Supply Depot  
  14  0:24  SCV  
  15  0:41  Barracks  
  15  0:43  Refinery  
  15  0:44  SCV  
  16  0:56  SCV  
  17  1:08  SCV  
  18  1:21  SCV  
  18  1:22  Supply Depot  
  19  1:28  Marine  
  19  1:30  Refinery  
  20  1:33  Orbital Command  
  21  1:53  Factory  
  20  1:59  SCV  
  21  2:05  Marine  
  22  2:11  SCV  
  23  2:24  Command Center  
  23  2:26  Marine  
  24  2:38  Starport  
  24  2:44  Marine  
  24  2:45  Hellion  
  27  2:55  Supply Depot  
  27  2:57  SCV  
  28  3:06  Hellion  
  28  3:10  Marine  
  31  3:16  Medivac  
  33  3:22  SCV  
  34  3:30  Barracks  
  34  3:31  Widow Mine  
  36  3:35  SCV  
  37  3:41  Orbital Command  
  37  3:46  Barracks Tech Lab  
  37  3:47  SCV  
  38  3:57  Factory Tech Lab  
  38  4:09  Marine  
  39  4:10  Stimpack  
  39  4:12  Starport Reactor  
  39  4:15  SCV x2  
  39  4:16  Barracks  
  41  4:20  Siege Tank  
  41  4:22  Barracks Reactor  
  44  4:27  SCV  
  45  4:34  Supply Depot  
  45  4:46  Barracks  
  45  4:47  Command Center  
  45  4:48  SCV x2  
  45  5:09  Marine x2  
  45  5:10  Siege Tank  
  45  5:11  Barracks Reactor  
  45  5:12  Marine  
  51  5:17  Supply Depot  
  51  5:27  Marine x2  
  53  5:29  Marine  
  53  5:32  Engineering Bay  
  53  5:34  Engineering Bay  
  54  5:45  Marine  
  51  5:59  Marine  
  51  6:00  Marine x3  
  51  6:02  Marine  
  54  6:09  Missile Turret  
  54  6:15  Missile Turret  
  54  6:17  Orbital Command, Marine  
  54  6:18  SCV x2, Marine x3  
  60  6:19  Barracks Reactor  
  60  6:20  Marine  
  61  6:30  Combat Shield, SCV x2  
  63  6:35  Marine x4  
  63  6:38  Marine, Missile Turret  
  68  6:46  Armory  
  68  6:47  Refinery  
  68  7:10  Medivac  
  68  7:11  Medivac  
  72  7:16  Marine x4  
  72  7:17  Marine  
  75  7:33  SCV  
  75  7:34  Siege Tank, Marine x3  
  82  7:45  SCV  
  83  7:57  SCV  
  74  8:06  Siege Tank  
  68  8:18  Marine  
  68  8:19  Marine x4  
  73  8:34  Orbital Command, Terran Infantry Weapons Level 1  
  73  8:35  Terran Infantry Armor Level 1  
  73  8:36  Marine  
  73  8:37  Marine x3  
  77  8:45  Marine  
  78  8:54  Marine, Medivac  
  78  8:55  Marine x3  
  84  8:58  Barracks  
  84  9:00  Terran Vehicle Weapons Level 1  
  84  9:03  Marine, Refinery x2  
  84  9:05  Refinery  
  84  9:06  Barracks  
  84  9:07  Barracks  
  85  9:15  Siege Tank  
  85  9:16  Missile Turret  
  88  9:24  Supply Depot, Marine  
  88  9:25  Marine x4  
  73  9:39  Marine  
  73  9:40  Supply Depot  
  73  9:42  Marine  
  73  9:43  Marine x4  
  73  9:44  Supply Depot  
  79  9:45  Supply Depot  
  79  9:47  Siege Tank, Medivac x2  
  79  9:50  Factory  
  86  9:55  Barracks Reactor  
  86  9:56  Supply Depot  
  86  10:07  Marine  
  86  10:08  Marine x3, Marauder  
  86  10:09  Marine x2  
  95  10:18  Barracks Reactor  
  95  10:19  Siege Tank  
  97  10:24  SCV  
  97  10:25  Barracks Tech Lab  
  97  10:27  SCV  
  99  10:30  Marauder  
  101  10:36  SCV  
  101  10:39  SCV, Marine  
  101  10:40  Marine x7  
  111  10:45  Supply Depot  
  111  10:46  Terran Infantry Weapons Level 2  
  111  10:49  SCV  
  112  10:51  Marauder  
  114  10:57  Marine  
  114  10:58  Marine x7  
  114  11:01  SCV  
  122  11:12  Marine  
  122  11:13  SCV  
  120  11:21  Marine  
  120  11:22  Marine x10  
  126  11:29  Medivac x2  
  126  11:30  Terran Infantry Armor Level 2  
  126  11:31  SCV  
  126  11:32  SCV x2  
  133  11:34  Marine  
  133  11:39  Marine x3  
  135  11:40  Marine x4  
  141  12:14  SCV, Marine x2  
  141  12:15  Marine x3  
  141  12:19  Marine x2  
  141  12:20  SCV x2, Marine x5  
  135  12:26  SCV  
  101  12:32  SCV, Marine x2  
  101  12:33  Marine x3  
  101  12:36  Marine  
  108  12:37  Marine  
  108  12:38  Marine x4  
  110  12:55  Marine  
  110  12:56  Marine x10  
  115  13:00  Thor  
  115  13:01  Factory Tech Lab  
  115  13:03  Command Center, Medivac x2  
  125  13:14  Bunker  
  125  13:17  Marine x12  
  137  13:27  Siege Tank  
  140  13:34  Marine  
  141  13:41  Supply Depot  
  141  13:45  Supply Depot  
  141  13:56  Supply Depot, Siege Tank, Marine x9, Marauder x2  
  141  14:02  Marine  
  130  14:13  Marine  
  130  14:14  Marine x5  
  114  14:17  Marauder  
  114  14:20  Marine  
  114  14:23  Marine  
  111  14:27  Liberator x2  
  111  14:28  Siege Tank  
  109  14:42  Command Center  
  109  14:44  Marine x2  
  109  14:45  Marine x3, Marauder x2  
  112  15:10  Medivac  
  111  15:33  Marauder x2  
  115  15:38  Command Center  
  115  15:48  Siege Tank x2  
  121  15:50  Terran Infantry Armor Level 3, Terran Infantry Weapons Level 3  
  121  15:51  Terran Vehicle Weapons Level 2  
  121  15:54  Marine x6  
  121  15:55  Marine x4, Marauder x2  
  135  16:16  Refinery, Marauder x2  
  139  16:18  Refinery  
  139  16:20  Concussive Shells  
  139  16:22  Drilling Claws  
  139  16:34  Marine  
  139  16:37  Marauder x2  
  144  16:42  Marine  
  108  17:30  Marine  
  108  17:31  Marine x3  
  108  17:36  Marine  
  100  17:37  Marine x3  
  95  17:58  Marine  
  95  17:59  Marine x11  
  107  18:16  Siege Tank x2, Marine  
  107  18:17  Marine x8  
  112  18:33  Missile Turret  
  112  18:37  Terran Vehicle Weapons Level 3  
  112  18:40  Marine x2  
  110  18:45  Marine  
  110  18:48  Siege Tank x2  
  88  18:54  Marine  
  88  18:55  Marine x6  
  83  19:01  Marine  
  87  19:08  Marine x2  
  87  19:09  Marine x2  
  86  19:12  Marine  
  86  19:13  Marine x6  
  86  19:18  Marine  
  86  19:20  Widow Mine  
  86  19:21  Widow Mine  
  84  19:26  Marine x3  
  84  19:29  Marine  
  84  19:30  Marine x2  
  84  19:31  Marine x5  
  89  19:36  Marine  
  84  19:42  Widow Mine  
  84  19:44  Marine x3  
  89  19:47  Marine  
  89  19:48  Marine x4  
  89  19:49  Marine x3  
  97  19:54  Marine  
  98  20:00  Command Center  
  98  20:01  Marine  
  98  20:02  Marine x2  
  98  20:05  Marine  
  98  20:06  Marine x7  
  109  20:12  Marine  
  110  20:19  Marine  
  110  20:20  Marine x2  
  113  20:22  Marine  
  113  20:23  Marine  
  113  20:24  Marine x6  
  120  20:30  Marine  
  101  20:38  Marine  
  101  20:40  Marine  
  102  20:46  Command Center  
  102  20:51  Medivac x2  
  102  20:57  Orbital Command  
  106  21:03  Thor  
  107  21:21  Medivac  
  107  21:23  Marine  
  107  21:24  Marine x2  
  111  21:38  Marauder  
  71  21:54  Marine, Marauder  
  71  21:59  Marauder  
  69  22:16  Marauder  
  69  22:21  Marauder  
Show
View Real Time Build Order
Export as new Build Order

PapaGenozid Terran 

Build Orders:  

Get SALT Encoding   

  12  0:00  SCV  
  13  0:16  Supply Depot  
  14  0:21  SCV  
  14  0:33  SCV  
  15  0:41  Barracks  
  15  0:45  SCV  
  15  0:46  Refinery  
  16  0:57  SCV  
  17  1:06  Barracks  
  17  1:11  Refinery  
  17  1:13  SCV  
  18  1:43  Barracks Reactor  
  18  1:50  Orbital Command  
  18  1:52  Supply Depot  
  18  1:57  Barracks  
  18  1:58  Reaper  
  19  2:17  SCV  
  19  2:20  Reaper x2  
  22  2:29  SCV  
  23  2:31  Supply Depot  
  23  2:33  Reaper  
  24  2:41  SCV  
  25  2:46  Reaper  
  26  2:57  SCV  
  27  3:09  SCV, Reaper  
  27  3:10  Reaper x2  
  31  3:20  Command Center  
  30  3:42  Reaper x2  
  30  3:43  Reaper  
  30  3:47  SCV  
  34  3:59  SCV  
  35  4:03  Barracks Tech Lab  
  35  4:07  Factory  
  35  4:11  SCV  
  36  4:22  Stimpack  
  36  4:23  Barracks Tech Lab  
  36  4:29  Engineering Bay  
  36  4:37  Supply Depot  
  36  4:39  Supply Depot  
  36  4:40  SCV  
  37  4:53  SCV  
  34  5:20  Orbital Command  
  33  5:30  Marine x2  
  33  5:31  Marine x2, Missile Turret  
  33  5:35  Missile Turret  
  32  5:36  Missile Turret  
  32  5:37  Missile Turret, Widow Mine  
  34  5:50  Missile Turret  
  34  5:51  Marine x4  
  38  6:07  SCV x2  
  38  6:09  Marine x2, Missile Turret  
  42  6:11  Missile Turret  
  42  6:13  Marine  
  42  6:14  Marine  
  42  6:15  Starport  
  44  6:19  SCV x2, Widow Mine  
  44  6:21  Terran Infantry Weapons Level 1  
  48  6:26  Marine  
  49  6:33  Factory  
  49  6:39  Marine x3  
  52  6:44  Marine, Refinery  
  53  6:49  Refinery  
  48  7:06  Starport Reactor  
  48  7:13  SCV x2  
  50  7:19  Command Center  
  50  7:25  SCV x2, Marine x4  
  50  7:29  Factory Reactor  
  56  7:33  Factory Tech Lab  
  56  7:37  SCV  
  56  7:40  Barracks  
  56  7:42  Marine  
  56  7:43  Marine  
  42  8:04  Marine x2  
  42  8:05  Marine x2  
  26  8:20  Orbital Command  
  26  8:22  Marine x2  
  26  8:23  Marauder x2  
  32  8:33  Siege Tank  
  35  8:35  Widow Mine x2  
  35  8:40  Marine x2  
  41  8:43  Barracks Tech Lab  
  41  8:44  Marine x2  
  41  8:45  Terran Infantry Armor Level 1  
  43  8:49  SCV  
  43  8:50  SCV  
  45  9:02  SCV x2  
  47  9:14  Command Center  
  47  9:15  Missile Turret  
  47  9:18  Missile Turret  
  47  9:19  Siege Tank, Widow Mine  
  47  9:20  Marine, Widow Mine  
  47  9:21  Marine x3  
  47  9:22  Marauder  
  60  9:25  Combat Shield  
  60  9:31  Starport Reactor  
  60  9:42  Marine  
  60  9:43  Marine  
  62  9:48  Supply Depot  
  62  9:52  Supply Depot  
  62  10:04  Supply Depot  
  62  10:09  Marine x2, Medivac x2  
  62  10:10  SCV x2  
  62  10:13  Marine  
  71  10:16  Widow Mine  
  73  10:22  SCV x2  
  73  10:23  Armory  
  73  10:28  Marauder  
  77  10:46  Siege Tank  
  77  10:47  Widow Mine x2  
  84  10:51  Orbital Command  
  75  11:05  SCV  
  75  11:06  SCV  
  75  11:08  Widow Mine  
  79  11:18  SCV x2, Siege Tank  
  81  11:22  Terran Infantry Weapons Level 2  
  84  11:30  SCV  
  85  11:50  Siege Tank  
  85  11:53  Marine  
  85  11:54  Marine x4  
  64  12:11  Marine x2  
  64  12:12  Marine x3, Missile Turret  
  69  12:17  Medivac x2  
  73  12:26  SCV x3  
  73  12:27  Barracks  
  73  12:29  Marine x3  
  78  12:30  Marine, Barracks  
  80  12:38  SCV x2, Refinery  
  80  12:39  SCV  
  80  12:41  Refinery  
  83  12:45  Siege Tank  
  83  12:46  Widow Mine x2  
  83  12:48  Command Center  
  83  12:50  SCV x2  
  92  12:52  SCV  
  92  12:57  Terran Vehicle And Ship Armor Level 1  
  93  13:00  Engineering Bay  
  93  13:04  Marine x4  
  97  13:07  Widow Mine  
  97  13:09  SCV x2  
  101  13:22  Missile Turret  
  101  13:30  SCV x2, Marine  
  101  13:31  SCV, Marine x2, Widow Mine  
  101  13:32  Widow Mine  
  101  13:33  Siege Tank  
  99  13:38  Terran Infantry Armor Level 2  
  84  14:07  Siege Tank  
  82  14:14  Marine x2  
  76  14:19  Marine x3  
  76  14:20  Marine  
  76  14:21  Marauder  
  82  14:35  Marine x2  
  82  14:37  Marine x2  
  86  14:44  Supply Depot  
  86  14:46  Supply Depot  
  86  14:54  Command Center  
  86  14:59  Barracks Tech Lab  
  86  15:01  Concussive Shells  
  86  15:04  Marauder  
  86  15:05  Barracks Reactor  
  86  15:06  Liberator x2, Marauder  
  94  15:07  Marine x2, Marauder  
  94  15:08  Siege Tank  
  99  15:25  Marauder  
  101  15:43  Supply Depot  
  101  15:49  Refinery  
  101  15:51  SCV  
  102  16:03  Supply Depot  
  102  16:04  Marine x2  
  102  16:05  SCV x2, Marauder x2  
  102  16:06  Marine, Marauder x2  
  102  16:08  Terran Infantry Weapons Level 3  
  115  16:18  Command Center  
  115  16:20  Orbital Command  
  115  16:25  Supply Depot  
  115  16:28  SCV  
  116  16:33  Widow Mine x2  
  120  16:42  Refinery  
  117  16:50  Supply Depot  
  89  17:18  Marine x3  
  89  17:19  Marine x3  
  73  17:33  Marine  
  73  17:34  Marine  
  73  17:36  Marine  
  44  18:05  Marine  
  44  18:06  Marine x5  
  50  18:15  Medivac x2  
  50  18:17  Siege Tank  
  50  18:18  Widow Mine x2  
  61  18:22  Command Center  
  61  18:24  Command Center  
  61  18:50  Medivac x2  
  61  18:51  Marine x3  
  61  18:52  Marine x2  
  62  19:10  Marine x3, Marauder x2  
  62  19:11  Orbital Command  
  63  19:20  Liberator x2  
  62  19:28  Marine x2  
  62  19:29  Marauder  
  62  19:31  Marine, Marauder  
  67  19:45  Marine  
  67  19:46  Marine  
  67  19:49  Marine  
  67  19:50  Marauder  
  67  19:52  Marine  
  73  19:56  Siege Tank  
  73  19:57  Widow Mine x2  
  80  20:03  Marine x2  
  80  20:06  Marine  
  82  20:28  Siege Tank  
  81  20:56  Orbital Command, Medivac x2  
  85  21:02  Refinery  
  85  21:05  Refinery  
  85  21:33  Missile Turret  
  85  21:39  Ghost Academy  
  85  21:43  Marine  
  85  21:44  Marine, Marauder x3  
  93  21:54  SCV x2  
  93  21:55  SCV, Missile Turret  
  93  22:00  Marine  
  97  22:05  Marine, Marauder x3  
  97  22:06  SCV  
  97  22:07  SCV  
  97  22:08  Medivac x2  
  108  22:15  Widow Mine x3  
  116  22:17  Missile Turret  
  116  22:18  Marine  
  117  22:23  Marine  
Tags
 
Add a new tag
Caveats
  • Supply blocks, unpowered buildings, or Contaminate may cause inaccurate times.
  • Supply counts are checked every 10 seconds.